 Dungeon Crawl Stone Soup version 0.29.0-4-gdea44cf6ec (webtiles) character file.

Game seed: 11322930776517531688

16782 qw the Brawler (level 12, -6/118 HPs)
             Began as a Troll Cinder Acolyte on Sept 1, 2022.
             Was an Initiate of Okawaru.
             Mangled by a cane toad (15 damage)
             ... on level 4 of the Lair of Beasts.
             The game lasted 00:05:42 (9249 turns).

qw the Brawler (Troll Cinder Acolyte)               Turns: 9249, Time: 00:05:43

Health: -6/118     AC: 10    Str: 29    XL:     12   Next: 13%
Magic:  12/12      EV:  9    Int: 10    God:    Okawaru [......]
Gold:   322        SH:  5    Dex:  5    Spells: 13/13 levels left

rFire   . . .      SeeInvis .     - Unarmed
rCold   . . .      Faith    .   (no shield)
rNeg    . . .      Spirit   .   f - +2 steam dragon scales
rPois   +          Reflect  +   (helmet restricted)
rElec   .          Harm     .   l - +0 cloak
rCorr   +          Rampage  .   (gloves unavailable)
Will    .....                   (boots unavailable)
Stlth   +.........              g - amulet of reflection
HPRegen 1.09/turn               b - ring of poison resistance
MPRegen 0.13/turn               i - ring of resist corrosion

@: fire susceptible
A: large, unfitting armour, claws 3, regeneration 1, shaggy fur 1, tough skin 1
a: Renounce Religion


You were on level 4 of the Lair of Beasts.
You worshipped Okawaru.
Okawaru was noncommittal.
You visited 3 branches of the dungeon, and saw 12 of its levels.

You collected 616 gold pieces.
You spent 294 gold pieces at shops.


Innate Abilities, Weirdness & Mutations

You are too large for most types of armour.
You have claws for hands.
Your natural rate of healing is unusually fast.
You are covered in fur. (AC +1)
You have tough skin. (AC +1)


   Skills:
 - Level 7.0 Fighting
 - Level 6.6 Throwing
 - Level 2.3 Armour
 - Level 2.3 Dodging
 + Level 16.3 Unarmed Combat
 - Level 1.0 Spellcasting
 - Level 2.1 Fire Magic


You had 13 spell levels left.
You didn't know any spells.
Your spell library contained the following spells:

 Spells                   Type           Power      Damage    Failure   Level
 Scorch                   Fire           8%         2d5       22%         2

Inventory:

Missiles
 a - 3 boomerangs (quivered)
Armour
 f - +2 steam dragon scales (worn)
 l - a +0 cloak (worn)
Jewellery
 b - a ring of poison resistance (left claw)
 e - a ring of poison resistance
 g - an amulet of reflection (around neck)
 i - a ring of resist corrosion (right claw)
Wands
 r - a wand of digging (6)
Scrolls
 n - 4 scrolls of identify
 q - a scroll of enchant weapon
Potions
 d - 2 potions of curing
 j - a potion of haste
 m - 2 potions of might
 p - a potion of cancellation
 s - a potion of mutation

Dungeon Overview and Level Annotations

Branches:
Dungeon (8/15)             Temple (1/1) D:5            Lair (2/5) D:8
  Swamp (0/4) Lair:2       Spider (0/4) Lair:2

Altars:
Ashenzari
Cheibriados
Dithmenos
Elyvilon
Fedhas
Gozag
Hepliaklqana
Kikubaaqudgha
Makhleb
Nemelex Xobeh
Okawaru
Qazlal
Ru
Sif Muna
Trog
Uskayaw
Vehumet
Wu Jian
Xom
Yredelemnul
Zin
The Shining One

Shops:
D:6 !

Annotations:
Lair:4 Kirke


Message History

You turn into a filthy swine.
Your +0 cloak melds into your body.
Your +2 steam dragon scales melds into your body.
Your ring of poison resistance melds into your body.
Your ring of resist corrosion melds into your body.
The bullfrog hits you.
9244 ||| DRINKING 2 potions of cancellation.
Your magical effects are unravelling.
You feel magically purged.
You feel less porcine.
Your +0 cloak unmelds from your body.
Your +2 steam dragon scales unmelds from your body.
Your ring of poison resistance unmelds from your body.
Your ring of resist corrosion unmelds from your body.
You block the hog's attack. The bullfrog misses you.
The sphinx closely misses you.
The sphinx hits you. x2; Something hits you.
You scratch the hog but do no damage.
The hog is moderately wounded.
The bullfrog hits you. The hog bites you but does no damage.
You block the sphinx's attack. The sphinx barely misses you.
You block the sphinx's attack.
9246 ||| DRINKING potion of heal wounds.
You feel much better. The bullfrog closely misses you.
The hog closely misses you. Something hits you! The sphinx misses you.
The sphinx hits you but does no damage. The sphinx barely misses you.
The bullfrog hits you.
You scratch the hog. Your claw misses the hog.
The hog is heavily wounded.
The hog closely misses you. Something hits you but does no damage.
The sphinx hits you. The sphinx closely misses you. The sphinx hits you.
The bullfrog barely misses you.
You mangle the hog!!
You kill the hog!
Okawaru accepts your kill. The bullfrog barely misses you. Something hits you.
The sphinx hits you!
The sphinx hits you but does no damage. x2
You mangle the sphinx!!
The sphinx is heavily wounded.
You hear a loud, deep croak!
The cane toad stings you!
You die...

........#.....Y..
...........l......... .
...P.#.P...#........ ..
..P. #....#.Y...... ...
... ##...Y........ ....
.. #..............
.....#. #..............
.....PF###..............
.......@{YY.............
......HFkY..............
.......YY...##..#.......
..#.........#...........
. #.....#P....8.........
...##.##.......#.......
....).######............
.#............#.(.......
#....8....##.........


You could see a sphinx (summoned), 5 yaks, a cane toad, a rime drake and a
bullfrog.

Vanquished Creatures
  3 hydras (Lair:2)
  Erica (D:8)
  A two-headed ogre (D:8)
  A bog body (Lair:2)
  Pikel (D:8)
  A cyclops (D:7)
  A black mamba (Lair:1)
  5 cane toads
  Psyche (D:8)
  2 rime drakes
  3 komodo dragons
  A troll (D:8)
  A hornet (D:8)
  A polar bear (Lair:1)
  3 blink frogs (Lair:2)
  A jumping spider (Lair:2)
  4 wyverns
  8 yaks (Lair:1)
  3 hogs (Lair:4)
  A wraith (D:7)
  A basilisk (Lair:1)
  A redback (Lair:2)
  A steam dragon (D:7)
  3 wargs (D:8)
  5 water moccasins
  Duvessa (D:7)
  3 sky beasts
  2 black bears
  2 orc warriors
  An ice beast (D:7)
  2 centaurs (D:7)
  An ogre (D:5)
  3 wolves (Lair:1)
  3 lemures (D:8)
  2 necrophages
  9 bullfrogs
  5 scorpions
  4 wights (D:7)
  Dowan (D:7)
  A howler monkey (D:7)
  7 hounds
  3 jellies
  9 orc priests
  3 gnoll boudas (D:8)
  Terence (D:2)
  4 iguanas
  8 orc wizards
  Robin (D:2)
  23 gnolls
  8 adders
  A shadow imp (D:6)
  16 white imps
  2 ufetubi (D:7)
  4 worms
  2 dart slugs
  35 orcs
  5 ball pythons
  7 endoplasms
  2 giant cockroaches
  10 hobgoblins
  3 jackals (D:1)
  8 kobolds
  2 quokkas (D:2)
  7 bats
  4 frilled lizards
  11 goblins
  4 rats
284 creatures vanquished.

Vanquished Creatures (others)
  10 fungi
  12 plants
22 creatures vanquished.

Grand Total: 306 creatures vanquished

Notes
Turn   | Place    | Note
-------+----------+-------------------------------------------
     0 | D:1      | qw the Troll Cinder Acolyte began the quest for the Orb.
     0 | D:1      | Reached XP level 1. HP: 22/22 MP: 1/1
     0 | D:1      | 0 ||| qw: Version: 0.1-a-97-g2dd2ca4
     0 | D:1      | 0 ||| qw: Game counter: 4840
     0 | D:1      | 0 ||| qw: Always use a shield: true
     0 | D:1      | 0 ||| qw: God list: Okawaru
     0 | D:1      | 0 ||| qw: Allow faded altars: false
     0 | D:1      | 0 ||| qw: Do Orc after D:15 true
     0 | D:1      | 0 ||| qw: Do second Lair branch before Depths: true
     0 | D:1      | 0 ||| qw: Lair rune preference: random
     0 | D:1      | 0 ||| qw: Plans: Normal
     0 | D:1      | 0 ||| PLANNING D:1-11
   119 | D:1      | 119 ||| Stepping ~*~*~tactically~*~*~ (stealth).
   151 | D:1      | Reached XP level 2. HP: 29/29 MP: 2/2
   174 | D:1      | You fall into a shaft and drop 1 floor!
   304 | D:2      | 304 ||| Stepping ~*~*~tactically~*~*~ (stealth).
   306 | D:2      | 306 ||| Stepping ~*~*~tactically~*~*~ (stealth).
   308 | D:2      | Reached skill level 4 in Unarmed Combat
   344 | D:2      | Noticed Terence
   350 | D:2      | 350 ||| INVOKING Fiery Armour.
   361 | D:2      | Killed Terence
   362 | D:2      | Reached XP level 3. HP: 11/36 MP: 3/3
   415 | D:2      | 415 ||| UPGRADING to amulet of reflection.
   420 | D:2      | 420 ||| UPGRADING to ring of poison resistance.
   421 | D:2      | 421 ||| READING scroll labelled JATATI WUNKULUXEU.
   422 | D:2      | 422 ||| READING scroll labelled NAGO XIOJIQEKO.
   423 | D:2      | 423 ||| READING scroll labelled YSILUDI QOOPHUMP.
   424 | D:2      | 424 ||| READING scroll labelled VORHECSONONU.
   425 | D:2      | 425 ||| DRINKING 2 glowing pink potions.
   452 | D:1      | 452 ||| Stepping ~*~*~tactically~*~*~ (stealth).
   458 | D:1      | 458 ||| Stepping ~*~*~tactically~*~*~ (outnumbered).
   620 | D:1      | 620 ||| Stepping ~*~*~tactically~*~*~ (stealth).
   738 | D:1      | 738 ||| Stepping ~*~*~tactically~*~*~ (stealth).
  1097 | D:1      | 1097 ||| READING scroll labelled CYUTAD OGOFRUM.
  1098 | D:1      | 1098 ||| READING scroll labelled VUSUMU ORYTHE.
  1099 | D:1      | 1099 ||| READING scroll labelled RAURUO RUNA.
  1100 | D:1      | 1100 ||| DRINKING 2 murky ruby potions.
  1202 | D:2      | Reached XP level 4. HP: 44/44 MP: 4/4
  1229 | D:2      | Reached skill level 5 in Unarmed Combat
  1240 | D:2      | Noticed Robin
  1242 | D:2      | 1242 ||| Stepping ~*~*~tactically~*~*~ (outnumbered).
  1243 | D:2      | 1243 ||| Stepping ~*~*~tactically~*~*~ (outnumbered).
  1244 | D:2      | 1244 ||| Stepping ~*~*~tactically~*~*~ (outnumbered).
  1246 | D:2      | 1246 ||| INVOKING Fiery Armour.
  1254 | D:2      | Killed Robin
  1860 | D:2      | 1860 ||| READING scroll labelled GORORU OLATICW.
  1861 | D:2      | 1861 ||| DRINKING 2 pink potions.
  1862 | D:2      | 1862 ||| READING 2 scrolls of identify.
  1862 | D:2      | 1862 ||| IDENTIFYING fizzy pink potion
  1863 | D:2      | 1863 ||| DROPPING potion of berserk rage.
  1864 | D:2      | 1864 ||| DROPPING potion of degeneration.
  1968 | D:3      | Reached XP level 5. HP: 50/50 MP: 5/5
  2000 | D:3      | 2000 ||| Stepping ~*~*~tactically~*~*~ (stealth).
  2024 | D:3      | 2024 ||| Stepping ~*~*~tactically~*~*~ (outnumbered).
  2031 | D:3      | 2031 ||| Stepping ~*~*~tactically~*~*~ (hiding).
  2033 | D:3      | 2033 ||| Stepping ~*~*~tactically~*~*~ (hiding).
  2036 | D:3      | 2036 ||| Stepping ~*~*~tactically~*~*~ (hiding).
  2043 | D:3      | Reached skill level 6 in Unarmed Combat
  2164 | D:3      | 2164 ||| Stepping ~*~*~tactically~*~*~ (outnumbered).
  2242 | D:3      | 2242 ||| INVOKING Fiery Armour.
  2244 | D:3      | 2244 ||| Stepping ~*~*~tactically~*~*~ (hiding).
  2330 | D:3      | 2330 ||| Stepping ~*~*~tactically~*~*~ (stealth).
  2332 | D:3      | 2332 ||| Stepping ~*~*~tactically~*~*~ (stealth).
  2626 | D:3      | Reached XP level 6. HP: 56/59 MP: 6/6
  2706 | D:3      | 2706 ||| DROPPING +6 ring of intelligence.
  2707 | D:3      | 2707 ||| DRINKING 4 fuming cyan potions.
  2708 | D:3      | 2708 ||| DRINKING 2 red potions.
  2709 | D:3      | 2709 ||| DRINKING 2 grey potions.
  2710 | D:3      | 2710 ||| DROPPING potion of flight.
  2711 | D:3      | 2711 ||| DROPPING potion of magic.
  2783 | D:4      | 2783 ||| Stepping ~*~*~tactically~*~*~ (hiding).
  2786 | D:4      | 2786 ||| INVOKING Fiery Armour.
  2787 | D:4      | 2787 ||| Stepping ~*~*~tactically~*~*~ (outnumbered).
  2795 | D:4      | Reached skill level 7 in Unarmed Combat
  2966 | D:4      | 2966 ||| Stepping ~*~*~tactically~*~*~ (hiding).
  2967 | D:4      | 2967 ||| INVOKING Fiery Armour.
  2968 | D:4      | 2968 ||| Stepping ~*~*~tactically~*~*~ (outnumbered).
  2970 | D:4      | 2970 ||| Stepping ~*~*~tactically~*~*~ (outnumbered).
  2971 | D:4      | 2971 ||| Stepping ~*~*~tactically~*~*~ (outnumbered).
  3189 | D:4      | 3189 ||| DROPPING orb of guile.
  3190 | D:4      | 3190 ||| READING scroll labelled MOWNO REUSYLL.
  3209 | D:5      | Entered Level 5 of the Dungeon
  3219 | D:5      | Reached skill level 8 in Unarmed Combat
  3219 | D:5      | Reached XP level 7. HP: 57/66 MP: 7/7
  3250 | D:5      | Found a staircase to the Ecumenical Temple.
  3253 | D:5      | 3253 ||| Stepping randomly (stuck).
  3255 | D:5      | 3255 ||| Stepping ~*~*~tactically~*~*~ (hiding).
  3366 | D:5      | Reached skill level 3 in Fighting
  3366 | D:5      | 3366 ||| FLEEEEING.
  3367 | D:5      | 3367 ||| FLEEEEING.
  3368 | D:5      | 3368 ||| FLEEEEING.
  3371 | D:5      | 3371 ||| FLEEEEING.
  3373 | D:5      | 3373 ||| DRINKING 2 potions of curing.
  3373 | D:5      | 3373 ||| (to cure confusion)
  3375 | D:5      | 3375 ||| DRINKING potion of curing.
  3375 | D:5      | 3375 ||| (to cure confusion)
  3627 | D:5      | 3627 ||| Stepping ~*~*~tactically~*~*~ (hiding).
  3629 | D:5      | 3629 ||| Stepping ~*~*~tactically~*~*~ (hiding).
  3730 | D:5      | Reached skill level 9 in Unarmed Combat
  3760 | D:5      | Reached skill level 1 in Dodging
  3798 | D:5      | Reached XP level 8. HP: 70/75 MP: 8/8
  3922 | D:5      | 3922 ||| Stepping ~*~*~tactically~*~*~ (hiding).
  3952 | D:5      | 3952 ||| Stepping ~*~*~tactically~*~*~ (hiding).
  3964 | D:5      | 3964 ||| Stepping ~*~*~tactically~*~*~ (stealth).
  3983 | D:5      | 3983 ||| Stepping ~*~*~tactically~*~*~ (hiding).
  4021 | D:5      | 4021 ||| INVOKING Fiery Armour.
  4222 | D:5      | 4222 ||| READING scroll labelled WORPHE YV ILL.
  4225 | D:5      | 4225 ||| READING scroll labelled ZEUMOAHIOKK.
  4226 | D:5      | 4226 ||| READING 2 scrolls labelled FILUJ HYLEQ.
  4261 | D:5      | 4261 ||| READING 3 scrolls labelled PUASUNIRUO.
  4262 | D:5      | 4262 ||| DRINKING 2 metallic inky potions.
  4263 | D:5      | 4263 ||| READING 2 scrolls of identify.
  4263 | D:5      | 4263 ||| IDENTIFYING metallic blue potion
  4264 | D:5      | 4264 ||| DROPPING potion of invisibility.
  4265 | D:5      | 4265 ||| DROPPING potion of attraction.
  4266 | D:5      | 4266 ||| DROPPING scroll of torment.
  4284 | D:6      | Reached skill level 10 in Unarmed Combat
  4339 | D:6      | 4339 ||| Stepping ~*~*~tactically~*~*~ (outnumbered).
  4342 | D:6      | 4342 ||| Stepping ~*~*~tactically~*~*~ (outnumbered).
  4343 | D:6      | 4343 ||| Stepping ~*~*~tactically~*~*~ (outnumbered).
  4344 | D:6      | 4344 ||| Stepping ~*~*~tactically~*~*~ (outnumbered).
  4345 | D:6      | 4345 ||| Stepping ~*~*~tactically~*~*~ (outnumbered).
  4346 | D:6      | 4346 ||| Stepping ~*~*~tactically~*~*~ (outnumbered).
  4347 | D:6      | 4347 ||| INVOKING Fiery Armour.
  4348 | D:6      | 4348 ||| Stepping ~*~*~tactically~*~*~ (outnumbered).
  4349 | D:6      | 4349 ||| Stepping ~*~*~tactically~*~*~ (outnumbered).
  4350 | D:6      | 4350 ||| Stepping ~*~*~tactically~*~*~ (outnumbered).
  4351 | D:6      | 4351 ||| Stepping ~*~*~tactically~*~*~ (outnumbered).
  4352 | D:6      | 4352 ||| Stepping ~*~*~tactically~*~*~ (outnumbered).
  4354 | D:6      | HP: 17/78 [orc warrior/+0 dire flail (12)]
  4355 | D:6      | 4355 ||| DRINKING 3 potions of heal wounds.
  4468 | D:6      | Found a white marble altar of Elyvilon.
  4468 | D:6      | Found a snail-covered altar of Cheibriados.
  4570 | D:6      | Found Kyetyec's Distillery.
  4766 | D:6      | 4766 ||| BUYING 2 potions of cancellation (224 gold).
  4766 | D:6      | Bought 2 potions of cancellation for 224 gold pieces
  4766 | D:6      | 4766 ||| SHOPLISTING 2 potions of curing (84 gold, have
                  | 76).
  4766 | D:6      | 4766 ||| BUYING potion of heal wounds (70 gold).
  4766 | D:6      | Bought a potion of heal wounds for 70 gold pieces
  4766 | D:6      | 4766 ||| SHOPLISTING potion of heal wounds (70 gold, have
                  | 6).
  4766 | D:6      | 4766 ||| SHOPLISTING potion of might (56 gold, have 6).
  4766 | D:6      | 4766 ||| Stepping randomly (stuck).
  4820 | D:7      | Reached skill level 11 in Unarmed Combat
  4853 | D:7      | 4853 ||| Stepping ~*~*~tactically~*~*~ (hiding).
  4854 | D:7      | 4854 ||| Stepping ~*~*~tactically~*~*~ (stealth).
  4856 | D:7      | 4856 ||| Stepping ~*~*~tactically~*~*~ (hiding).
  4858 | D:7      | 4858 ||| Stepping ~*~*~tactically~*~*~ (hiding).
  4865 | D:7      | 4865 ||| Stepping ~*~*~tactically~*~*~ (outnumbered).
  4866 | D:7      | 4866 ||| Stepping ~*~*~tactically~*~*~ (outnumbered).
  4867 | D:7      | 4867 ||| Stepping ~*~*~tactically~*~*~ (outnumbered).
  4870 | D:7      | 4870 ||| Stepping ~*~*~tactically~*~*~ (stealth).
  4875 | D:7      | 4875 ||| INVOKING Fiery Armour.
  4879 | D:7      | Reached XP level 9. HP: 84/84 MP: 9/9
  4883 | D:7      | 4883 ||| Stepping ~*~*~tactically~*~*~ (outnumbered).
  4937 | D:7      | Noticed Duvessa
  4938 | D:7      | Noticed Dowan
  4940 | D:7      | 4940 ||| Stepping ~*~*~tactically~*~*~ (hiding).
  4940 | D:7      | Noticed a cyclops
  4941 | D:7      | 4941 ||| Stepping ~*~*~tactically~*~*~ (stealth).
  4942 | D:7      | 4942 ||| Stepping ~*~*~tactically~*~*~ (hiding).
  4944 | D:7      | 4944 ||| Stepping ~*~*~tactically~*~*~ (outnumbered).
  4945 | D:7      | 4945 ||| Stepping ~*~*~tactically~*~*~ (hiding).
  4947 | D:7      | 4947 ||| Stepping ~*~*~tactically~*~*~ (outnumbered).
  4949 | D:7      | Killed Duvessa
  4952 | D:7      | 4952 ||| Stepping ~*~*~tactically~*~*~ (outnumbered).
  4953 | D:7      | 4953 ||| Stepping ~*~*~tactically~*~*~ (hiding).
  4958 | D:7      | Reached skill level 12 in Unarmed Combat
  4958 | D:7      | Killed Dowan
  4967 | D:7      | Killed a cyclops
  4984 | D:7      | 4984 ||| Stepping ~*~*~tactically~*~*~ (stealth).
  4987 | D:7      | 4987 ||| Stepping ~*~*~tactically~*~*~ (stealth).
  4989 | D:7      | 4989 ||| FLEEEEING.
  5042 | D:7      | Reached skill level 1 in Throwing
  5113 | D:7      | 5113 ||| Stepping ~*~*~tactically~*~*~ (stealth).
  5118 | D:7      | 5118 ||| Stepping ~*~*~tactically~*~*~ (stealth).
  5144 | D:7      | 5144 ||| Stepping ~*~*~tactically~*~*~ (stealth).
  5153 | D:7      | 5153 ||| FLEEEEING.
  5155 | D:7      | 5155 ||| FLEEEEING.
  5164 | D:7      | Reached skill level 3 in Throwing
  5170 | D:7      | 5170 ||| FLEEEEING.
  5171 | D:7      | 5171 ||| FLEEEEING.
  5172 | D:7      | 5172 ||| FLEEEEING.
  5173 | D:7      | 5173 ||| FLEEEEING.
  5174 | D:7      | 5174 ||| FLEEEEING.
  5175 | D:7      | 5175 ||| FLEEEEING.
  5176 | D:7      | 5176 ||| FLEEEEING.
  5177 | D:7      | 5177 ||| FLEEEEING.
  5178 | D:7      | 5178 ||| FLEEEEING.
  5179 | D:7      | 5179 ||| FLEEEEING.
  5180 | D:7      | 5180 ||| FLEEEEING.
  5181 | D:7      | 5181 ||| FLEEEEING.
  5182 | D:7      | 5182 ||| FLEEEEING.
  5183 | D:7      | 5183 ||| FLEEEEING.
  5184 | D:7      | 5184 ||| FLEEEEING.
  5364 | D:7      | Found a bloodstained altar of Trog.
  5915 | D:7      | 5915 ||| UPGRADING to +0 steam dragon scales.
  5925 | D:7      | 5925 ||| DROPPING +0 robe.
  5926 | D:7      | 5926 ||| UPGRADING to +0 cloak.
  5931 | D:7      | 5931 ||| READING 2 scrolls of enchant armour.
  5931 | D:7      | 5931 ||| ENCHANTING +0 steam dragon scales.
  5932 | D:7      | 5932 ||| READING scroll of enchant armour.
  5932 | D:7      | 5932 ||| ENCHANTING +1 steam dragon scales.
  5933 | D:7      | 5933 ||| UPGRADING to ring of resist corrosion.
  5934 | D:7      | 5934 ||| READING scroll labelled JOYWER NYOLUMU.
  5935 | D:7      | 5935 ||| READING 5 scrolls of identify.
  5935 | D:7      | 5935 ||| IDENTIFYING sapphire potion
  5936 | D:7      | 5936 ||| READING 4 scrolls of identify.
  5936 | D:7      | 5936 ||| IDENTIFYING clear potion
  5937 | D:7      | 5937 ||| READING 3 scrolls of identify.
  5937 | D:7      | 5937 ||| IDENTIFYING orange potion
  5938 | D:7      | 5938 ||| READING 2 scrolls of identify.
  5938 | D:7      | 5938 ||| IDENTIFYING ruby potion
  5939 | D:7      | 5939 ||| DROPPING potion of brilliance.
  6067 | D:7      | 6067 ||| Stepping randomly (stuck).
  6119 | D:8      | Noticed a troll
  6123 | D:8      | Killed a troll
  6124 | D:8      | Reached skill level 1 in Armour
  6124 | D:8      | Reached XP level 10. HP: 93/98 MP: 10/10
  6174 | D:8      | Noticed Erica
  6175 | D:8      | 6175 ||| INVOKING Fiery Armour.
  6185 | D:8      | Killed Erica
  6220 | D:8      | 6220 ||| Stepping ~*~*~tactically~*~*~ (outnumbered).
  6221 | D:8      | 6221 ||| Stepping ~*~*~tactically~*~*~ (outnumbered).
  6226 | D:8      | Noticed Pikel
  6238 | D:8      | Killed Pikel
  6273 | D:8      | Found a sparkling altar of Nemelex Xobeh.
  6275 | D:8      | Found a radiant altar of Vehumet.
  6336 | D:8      | 6336 ||| Stepping ~*~*~tactically~*~*~ (stealth).
  6344 | D:8      | Reached skill level 13 in Unarmed Combat
  6349 | D:8      | 6349 ||| Stepping ~*~*~tactically~*~*~ (stealth).
  6355 | D:8      | 6355 ||| Stepping ~*~*~tactically~*~*~ (hiding).
  6366 | D:8      | 6366 ||| Stepping ~*~*~tactically~*~*~ (hiding).
  6381 | D:8      | 6381 ||| Stepping ~*~*~tactically~*~*~ (stealth).
  6385 | D:8      | 6385 ||| Stepping ~*~*~tactically~*~*~ (stealth).
  6426 | D:8      | 6426 ||| Stepping ~*~*~tactically~*~*~ (stealth).
  6442 | D:8      | Noticed Psyche
  6443 | D:8      | 6443 ||| INVOKING Fiery Armour.
  6458 | D:8      | Killed Psyche
  6485 | D:8      | 6485 ||| Stepping ~*~*~tactically~*~*~ (hiding).
  6486 | D:8      | 6486 ||| Stepping ~*~*~tactically~*~*~ (hiding).
  6492 | D:8      | 6492 ||| Stepping ~*~*~tactically~*~*~ (hiding).
  6537 | D:8      | Found a staircase to the Lair.
  6604 | D:8      | 6604 ||| FLEEEEING.
  6605 | D:8      | 6605 ||| FLEEEEING.
  6606 | D:8      | 6606 ||| FLEEEEING.
  6607 | D:8      | 6607 ||| FLEEEEING.
  6609 | D:8      | 6609 ||| STAIRDANCE
  6711 | D:7      | 6711 ||| DROPPING ring of wizardry.
  6855 | D:8      | Found an ancient bone altar of Kikubaaqudgha.
  6874 | D:8      | Noticed a two-headed ogre
  6880 | D:8      | Killed a two-headed ogre
  6881 | D:8      | Reached skill level 14 in Unarmed Combat
  6916 | D:8      | Found a glowing golden altar of the Shining One.
  7200 | D:7      | 7200 ||| PLANNING LAIR
  7235 | Lair:1   | Entered Level 1 of the Lair of Beasts
  7235 | Lair:1   | Noticed a cane toad
  7241 | Lair:1   | 7241 ||| DRINKING 4 potions of cancellation.
  7245 | Lair:1   | Killed a cane toad
  7246 | Lair:1   | Reached skill level 6 in Fighting
  7247 | Lair:1   | 7247 ||| DRINKING 3 potions of cancellation.
  7250 | Lair:1   | Reached XP level 11. HP: 89/105 MP: 11/11
  7781 | Lair:1   | 7781 ||| Stepping ~*~*~tactically~*~*~ (outnumbered).
  7782 | Lair:1   | 7782 ||| Stepping ~*~*~tactically~*~*~ (outnumbered).
  7783 | Lair:1   | 7783 ||| Stepping ~*~*~tactically~*~*~ (outnumbered).
  7784 | Lair:1   | 7784 ||| Stepping ~*~*~tactically~*~*~ (outnumbered).
  7785 | Lair:1   | 7785 ||| Stepping ~*~*~tactically~*~*~ (outnumbered).
  7847 | Lair:1   | Reached skill level 15 in Unarmed Combat
  8158 | Lair:2   | 8158 ||| STAIRDANCE
  8174 | Lair:2   | 8174 ||| STAIRDANCE
  8230 | Lair:2   | 8230 ||| STAIRDANCE
  8242 | Lair:2   | 8242 ||| STAIRDANCE
  8258 | Lair:2   | 8258 ||| STAIRDANCE
  8270 | Lair:2   | Found a frozen archway.
  8272 | Lair:2   | 8272 ||| Stepping ~*~*~tactically~*~*~ (hiding).
  8277 | Lair:2   | 8277 ||| Stepping ~*~*~tactically~*~*~ (outnumbered).
  8284 | Lair:2   | 8284 ||| Stepping ~*~*~tactically~*~*~ (outnumbered).
  8291 | Lair:2   | 8291 ||| Stepping ~*~*~tactically~*~*~ (hiding).
  8294 | Lair:2   | 8294 ||| Stepping ~*~*~tactically~*~*~ (outnumbered).
  8332 | Lair:2   | Noticed a bog body
  8333 | Lair:2   | 8333 ||| Stepping ~*~*~tactically~*~*~ (hiding).
  8335 | Lair:2   | Found a staircase to the Swamp.
  8339 | Lair:2   | Killed a bog body
  8340 | Lair:2   | Reached skill level 6 in Throwing
  8454 | Lair:2   | 8454 ||| INVOKING Fiery Armour.
  8573 | Lair:2   | Noticed a five-headed hydra
  8574 | Lair:2   | 8574 ||| INVOKING Fiery Armour.
  8580 | Lair:2   | Killed an eight-headed hydra
  8581 | Lair:2   | Reached skill level 16 in Unarmed Combat
  8616 | Lair:2   | Found a hole to the Spider Nest.
  8655 | Lair:2   | Noticed a four-headed hydra
  8661 | Lair:2   | Killed a seven-headed hydra
  8730 | Lair:2   | Noticed a five-headed hydra
  8731 | Lair:2   | 8731 ||| Stepping ~*~*~tactically~*~*~ (stealth).
  8732 | Lair:2   | 8732 ||| INVOKING Fiery Armour.
  8734 | Lair:2   | Killed a seven-headed hydra
  8783 | Lair:2   | 8783 ||| PLANNING TEMPLE
  8783 | Lair:2   | 8783 ||| READING 5 scrolls of identify.
  8783 | Lair:2   | 8783 ||| IDENTIFYING smoky sapphire potion
  8784 | Lair:2   | 8784 ||| DROPPING potion of lignification.
  8820 | Lair:2   | 8820 ||| Stepping ~*~*~tactically~*~*~ (stealth).
  8830 | Lair:2   | Reached XP level 12. HP: 118/118 MP: 12/12
  8938 | Temple   | Entered the Ecumenical Temple
  8939 | Temple   | 8939 ||| PLANNING CONVERSION TO OKAWARU
  8943 | Temple   | Fell from the grace of Ignis
  8943 | Temple   | Became a worshipper of Warmaster Okawaru
  8944 | Temple   | 8944 ||| PLANNING LAIR
  9055 | Lair:2   | You fall into a shaft and drop 2 floors!
  9218 | Lair:4   | Noticed Kirke
  9227 | Lair:4   | 9227 ||| Stepping ~*~*~tactically~*~*~ (outnumbered).
  9228 | Lair:4   | 9228 ||| Stepping ~*~*~tactically~*~*~ (outnumbered).
  9229 | Lair:4   | 9229 ||| Stepping ~*~*~tactically~*~*~ (outnumbered).
  9230 | Lair:4   | 9230 ||| Stepping ~*~*~tactically~*~*~ (outnumbered).
  9231 | Lair:4   | 9231 ||| Stepping ~*~*~tactically~*~*~ (outnumbered).
  9238 | Lair:4   | Noticed a sphinx
  9241 | Lair:4   | HP: 26/118 [sphinx[Kirke] (7)]
  9242 | Lair:4   | 9242 ||| DRINKING 3 potions of heal wounds.
  9243 | Lair:4   | 9243 ||| DRINKING 2 potions of heal wounds.
  9244 | Lair:4   | 9244 ||| DRINKING 2 potions of cancellation.
  9246 | Lair:4   | 9246 ||| DRINKING potion of heal wounds.
  9247 | Lair:4   | HP: 28/118 [sphinx[Kirke] (5)]
  9248 | Lair:4   | HP: 8/118 [sphinx[Kirke] (15)]
  9249 | Lair:4   | Mangled by a cane toad

Levels and vault maps discovered:
D:1:      amcnicky_arrival_gap_in_the_tavern_cellar, layout_basic
D:2:      layout_basic, uniq_terence, uniq_robin
D:3:      layout_basic
D:4:      layout_cave_pools
D:5:      layout_loops_corners, minmay_temple_entry_junction_2
D:6:      layout_rooms, minitemple, serial_shops, nicolae_shop_window_shopping
D:7:      cheibrodos_fzero, layout_loops_corners,
          nicolae_overflow_hidden_temple, st_stairs_11, grunt_ministairs_14,
          minmay_misc_feat_alley, minivault_1, nicolae_kite_square_tiling_tiny,
          uniq_duvessa
D:8:      layout_basic, mainiacjoe_overflow_catwalk_spiral,
          nicolae_overflow_crystal_walls, kiku_gazebo_pond_becter,
          erik_lair_orcish_takeover, uniq_erica, uniq_psyche, uniq_pikel
Temple:   minmay_freezing_vapour_temple
Lair:1:   layout_cave_pods
Lair:2:   layout_loops_ring, skrybe_swamp_entry_bodies, spider_nest_entry_a,
          portal_ice_cave_entry_imps, grunt_megastairs_3
Lair:4:   layout_gridlike, minmay_slime_entry_pillars, grunt_megastairs_4,
          uniq_kirke

Skill      XL: |  1  2  3  4  5  6  7  8  9 10 11 12 |
---------------+-------------------------------------+-----
Unarmed Combat | 4 5 6 8 9 11 12 14 16 | 16.3
Fighting       | 3 4 5 6 7 |  7.0
Dodging        | 1 2 |  2.3
Throwing       | 4 5 6 |  6.6
Armour         | 1 2 |  2.3
Spellcasting   | |  1.0
Fire Magic     | |  2.1

Action                   |  1- 3 |  4- 6 |  7- 9 | 10-12 || total
-------------------------+-------+-------+-------+-------++-------
Melee: Unarmed           |   112 |   155 |   225 |   280 ||   772
       Punch             |       |     1 |     7 |    13 ||    21
Throw: Boomerang         |       |    19 |       |    35 ||    54
       Large rock        |       |       |    11 |    23 ||    34
Invok: Fiery Armour      |     1 |     4 |     3 |     5 ||    13
  Use: Scroll            |     7 |     3 |    12 |     1 ||    23
       Potion            |     2 |     4 |     4 |     6 ||    16
Armor: Robe              |    62 |    45 |    57 |       ||   164
       Steam dragon scal |       |       |       |   101 ||   101
Dodge: Dodged            |    49 |    39 |    71 |    80 ||   239
Block: Other             |     7 |    30 |    40 |    46 ||   123
       Reflection        |       |     3 |     1 |       ||     4

Table legend:
 A = Non-vault XP
 B = Vault XP
 C = Vault XP percentage of total XP
 D = Non-vault monster count
 E = Vault monster count
 F = Vault count percentage of total count
                 A         B        C        D         E       F
            +---------+---------+-------+---------+---------+-------
      Total |   15784 |    8191 |  34.2 |     219 |      62 |  22.1
            +---------+---------+-------+---------+---------+-------
        D:1 |      41 |       0 |   0.0 |      23 |       0 |   0.0
        D:2 |      83 |      65 |  43.9 |      23 |       8 |  25.8
        D:3 |     203 |       0 |   0.0 |      29 |       0 |   0.0
        D:4 |     292 |       0 |   0.0 |      15 |       0 |   0.0
        D:5 |    1009 |       0 |   0.0 |      26 |       0 |   0.0
        D:6 |     704 |       0 |   0.0 |      16 |       0 |   0.0
        D:7 |    1081 |    2041 |  65.4 |      26 |      22 |  45.8
        D:8 |    2437 |    2467 |  50.3 |      25 |      10 |  28.6
     Lair:1 |    5949 |      10 |   0.2 |      24 |       1 |   4.0
     Lair:2 |    3044 |    2625 |  46.3 |       9 |      17 |  65.4
     Lair:4 |     941 |     983 |  51.1 |       3 |       4 |  57.1
            +---------+---------+-------+---------+---------+-------
